Cogmind - Beta 11.1 @@@ ROGUE MODE // 2022.06.12 @ 09:33:20 Player: ChromeKnight Result: Destroyed by D-53 Grenadier with Mini Grenade Launcher Performance ------------- Evolutions (2) 1000 Regions Visited (8) 1600 Robots Destroyed (138) 690 Value Destroyed (4526) 4526 Prototype IDs (2) 40 Alien Tech Used (0) 0 Bonus (1839) 1839 TOTAL SCORE: 9695 Bonus ------- High Alert Combat Kills 448 Follower Combat Kills 489 Entered Garrisons 400 Used RIF Installer 1000 Friendly Fire -498 Cogmind --------- Core Integrity 0/550 Matter 278/300 Energy 100/100 System Corruption 0% Temperature Cool (74) Movement Treading (400) Ox3 Location -8/Materials Parts ------- > --- POWER (1) -------- (None) > --- PROPULSION (2) --- Light Treads > --- UTILITY (6) ------ High-capacity Storage Unit Hardened Light Armor Plating Reactive Plating Relay Coupler [NC] (22) Relay Coupler [Grunt] (10) Relay Coupler [Sentry] (20) > --- WEAPON (2) ------- Enhanced Autogun Enhanced Autogun > --- INVENTORY (20) --- Light Nuclear Core Light Treads Cooled VTOL Module Cooled VTOL Module Heat Sink Improved Sensor Array Hacking Suite Hacking Suite Relay Coupler [NC] (28) Relay Coupler [NC] (21) Relay Coupler [Swarmer] (29) Relay Coupler [Sentry] (21) Relay Coupler [Heavy] (12) Relay Coupler [Heavy] (12) Drone Bay (2/2) Heavy Particle Cannon Enhanced Autogun Datajack Datajack Datajack Peak State ------------ > --- POWER ------------ Light Nuclear Core > --- PROPULSION ------- Light Treads Light Treads > --- UTILITY ---------- High-capacity Storage Unit Reactive Plating Relay Coupler [NC] Relay Coupler [Grunt] Relay Coupler [Sentry] Relay Coupler [Hunter] > --- WEAPON ----------- Enhanced Autogun Enhanced Autogun > --- INVENTORY -------- Light Nuclear Core Light Treads Cooled VTOL Module Cooled VTOL Module Heat Sink Improved Sensor Array Hacking Suite Hacking Suite Relay Coupler [NC] Relay Coupler [NC] Relay Coupler [Swarmer] Relay Coupler [Sentry] Relay Coupler [Heavy] Relay Coupler [Heavy] Drone Bay Heavy Particle Cannon Enhanced Autogun Datajack Datajack Datajack [Rating: 36] Favorites ----------- Power Deuterium Engine Engine Deuterium Engine Power Core Light Nuclear Core Propulsion Light Treads Treads Light Treads Leg Aluminum Leg Wheel Compact Wheel Flight Unit Cooled VTOL Module Utility High-capacity Storage Unit Device Disposable Heat Sink Storage High-capacity Storage Unit Processor Improved Targeting Computer Hackware Relay Coupler [Sentry] Protection Light Armor Plating Weapon Heavy Particle Cannon Energy Gun Spread Laser Energy Cannon Heavy Particle Cannon Ballistic Gun Enhanced Autogun Launcher Rocket Launcher Special Melee Weapon Datajack Build | -11 -10 -10 -9 -9 -9 -8 -8 -8 ------- Run | Scr Mat Min Mat Sto Gar Mat Gar Mat Slots Evolved 4 | . . . 2 . . 2 . . Power . | . . . . . . . . . Propulsion . | . . . . . . . . . Utility 4 | . . . 2 . . 2 . . Weapon . | . . . . . . . . . Parts Attached 118 | 6 3 3 24 8 9 32 20 13 Power 9 | 1 1 . 3 1 . 2 . 1 Engine 7 | 1 1 . 2 1 . 2 . . Core 2 | . . . 1 . . . . 1 Reactor . | . . . . . . . . . Propulsion 27 | 2 . . 5 4 3 6 6 1 Treads 17 | 2 . . 5 2 3 2 2 1 Leg 4 | . . . . . . 1 3 . Wheel 4 | . . . . . . 3 1 . Hover . | . . . . . . . . . Flight 2 | . . . . 2 . . . . Utility 35 | 1 2 . 6 1 2 10 6 7 Device 3 | . . . 1 . 1 . . 1 Storage 2 | 1 1 . . . . . . . Processor 5 | . 1 . 1 1 1 1 . . Hackware 10 | . . . . . . 4 4 2 Protection 15 | . . . 4 . . 5 2 4 Artifact . | . . . . . . . . . Weapon 47 | 2 . 3 10 2 4 14 8 4 Energy Gun 10 | 1 . . 4 2 2 1 . . Energy Cannon 8 | . . . . . 2 4 2 . Ballistic Gun 15 | 1 . 3 2 . . 5 2 2 Ballistic Cannon . | . . . . . . . . . Launcher 6 | . . . 4 . . . 2 . Special Weapon . | . . . . . . . . . Impact Weapon . | . . . . . . . . . Slashing Weapon . | . . . . . . . . . Piercing Weapon . | . . . . . . . . . Special Melee Weapon 8 | . . . . . . 4 2 2 Unidentified Prototypes 2 | . . . . 1 . 1 . . Parts Lost 28 | . 1 1 3 3 5 7 5 3 Power 5 | . 1 . 1 1 . 1 . 1 Propulsion 10 | . . . 1 . 3 4 1 1 Utility 6 | . . . 1 1 . 2 1 1 Weapon 7 | . . 1 . 1 2 . 3 . Highest Loss Streak 5 | . 1 1 2 1 4 3 5 2 To Critical Strikes 1 | . . . . . . 1 . . Average Slot Usage (%) 95 | . 99 99 94 97 98 86 94 99 Engine 8 | . 13 14 5 10 11 5 9 2 Core 1 | . . . 5 . . . . 6 Treads 14 | . 28 28 21 22 21 2 6 17 Leg 1 | . . . . . . . 4 . Wheel 3 | . . . . . . 11 4 . Device 2 | . . . 5 11 10 1 . 3 Storage 10 | . 14 14 11 11 11 9 9 9 Processor 10 | . 13 14 11 15 22 10 9 1 Hackware 12 | . . . . . . 18 19 29 Protection 8 | . . . 10 4 . 8 15 10 Energy Gun 5 | . 14 1 10 21 18 1 1 . Energy Cannon 4 | . . . . . 3 8 7 . Ballistic Gun 7 | . 14 26 8 . . 5 1 16 Special Melee Weapon 2 | . . . . . . 2 4 1 Naked Turns . | . . . . . . . . . Heaviest Build 69 | 14 49 49 58 60 63 69 63 66 Greatest Support 43 | 40 40 40 43 43 43 40 40 40 Greatest Overweight (x) 19 | . 1 1 2 2 2 16 19 1 Average Overweight (x) 1 | . . 1 1 1 1 1 2 1 Largest Inventory Capacity 20 | 8 20 20 20 20 20 20 20 20 Average Capacity 19 | 6 17 20 20 20 20 20 20 20 Most Carried 20 | . 18 20 20 20 20 20 20 20 Average Carried 17 | . 12 19 19 19 16 18 16 19 Final Capacity 20 | 8 20 20 20 20 20 20 20 20 Final Carried 20 | . 18 20 19 20 20 19 20 20 Class Distribution -------------------- 37% | Bothacker-Mutant 35% | Mutant 21% | Commander-Mutant 5% | Scavenger-Mutant Dominant Class ---------------- Mutant | -10/Materials Mutant | -10/Mines Scavenger-Mutant | -9/Materials Mutant | -9/Storage Mutant | -9/Garrison Bothacker-Mutant | -8/Materials Bothacker-Mutant | -8/Garrison Bothacker-Mutant | -8/Materials Resources | -11 -10 -10 -9 -9 -9 -8 -8 -8 ----------- Run | Scr Mat Min Mat Sto Gar Mat Gar Mat Matter Collected 2184 | 186 159 132 534 70 80 370 336 317 Remotely . | . . . . . . . . . Salvage Created 3866 | . 386 88 1142 660 251 723 345 271 Parts 266 | . 19 8 108 31 17 42 23 18 Haulers Intercepted 2 | . 1 . . 1 . . . . Recyclers Shooed 8 | . . . 4 2 . 2 . . Parts Field Recycled . | . . . . . . . . . Retrieved Matter . | . . . . . . . . . Parts Self-Destructed . | . . . . . . . . . Prevented . | . . . . . . . . . Kills | -11 -10 -10 -9 -9 -9 -8 -8 -8 ------- Run | Scr Mat Min Mat Sto Gar Mat Gar Mat Combat Hostiles Destroyed 101 | . 8 3 36 13 8 13 16 4 Guns 57 | . 7 3 20 13 8 1 1 4 Cannons 17 | . . . . . . 12 5 . AOE 27 | . 1 . 16 . . . 10 . Classes Destroyed 15 | . 4 1 8 . . 2 . . Worker 6 | . . 2 3 . . . . 1 Builder 4 | . . . 4 . . . . . Tunneler 1 | . . . . . . 1 . . Hauler 2 | . 1 . . 1 . . . . Recycler 8 | . . . 3 3 . 2 . . Mechanic 2 | . . . 2 . . . . . Operator 3 | . . . 1 1 . 1 . . Watcher 11 | . 3 . 5 . 1 . . 2 Swarmer 30 | . 3 2 14 . . 4 7 . Grunt 45 | . 5 . 12 8 6 5 7 2 Brawler 4 | . . . 1 2 . . . 1 Duelist 3 | . . . 1 . 1 1 . . Protector 1 | . . . 1 . . . . . Sentry 16 | . . . 7 3 1 2 2 1 Hunter 1 | . . . . . . 1 . . Best Kill Streak 14 | . 3 2 14 6 7 4 7 1 Combat Bots Only 9 | . 3 2 9 4 7 4 7 1 Max Kills in Single Turn 4 | . 1 2 4 2 1 1 2 1 Gunslinging 1 | . . 1 . 1 . . . . Exploded 3 | . 1 . 3 . . . 2 . Melee . | . . . . . . . . . Uniques/NPCs Destroyed 1 | . . 1 . . . . . . YI-UF0 (-10/Mines) Combat | -11 -10 -10 -9 -9 -9 -8 -8 -8 -------- Run | Scr Mat Min Mat Sto Gar Mat Gar Mat Damage Taken 5468 | . 276 302 1069 483 547 1085 728 978 Core 1060 | . 71 99 97 93 129 259 191 121 Absorbed by Shields . | . . . . . . . . . Redirected to Shielding 82 | . . . . . . . 32 50 Regen/Repaired (Parts) 374 | . . . . . . 166 146 62 Core Remaining (%) 50 | 100 . 32 . . 20 . . . Volleys Fired 257 | . 20 17 63 30 25 43 31 28 Largest 2 | . 2 2 2 2 2 2 2 2 Hottest 150 | . 60 60 130 130 140 150 150 50 Shots Fired 475 | . 40 29 111 60 46 83 50 56 Gun 352 | . 40 29 91 60 45 16 15 56 Cannon 91 | . . . . . 1 67 23 . Launcher 32 | . . . 20 . . . 12 . Special . | . . . . . . . . . Kinetic 152 | . 20 27 34 . . 15 . 56 Thermal 253 | . . . 57 60 46 67 23 . Explosive 32 | . . . 20 . . . 12 . Electromagnetic 38 | . 20 2 . . . 1 15 . Robot Hit Streak 23 | . 12 15 23 18 17 13 6 7 Robot Miss Streak 8 | . 2 2 4 7 8 2 2 5 Penetration Max . | . . . . . . . . . Secondary Targets 8 | . 2 1 1 2 2 . . . Max Gunslinging Chain 1 | . 1 1 1 1 1 . . . Shots Hit Robots 369 | . 32 22 92 54 35 72 29 33 Core Hits 355 | . 19 8 133 86 40 25 28 16 Critical Kills . | . . . . . . . . . Critical Parts Destroyed . | . . . . . . . . . Critical Strikes 1 | . . . . . . . 1 . Corrupt 1 | . . . . . . . 1 . Melee Attacks 31 | . . . . . . 17 12 2 Impact . | . . . . . . . . . Slashing . | . . . . . . . . . Piercing . | . . . . . . . . . Sneak Attacks 14 | . . . . . . 8 6 . Combat Hostiles 6 | . . . . . . . 6 . Follow-up Attacks . | . . . . . . . . . Damage Inflicted 8736 | . 481 300 2900 836 475 1352 1849 543 Guns 3886 | . 433 236 1154 836 475 127 82 543 Cannons 1550 | . . . . . . 1225 325 . Explosions 3300 | . 48 64 1746 . . . 1442 . Melee . | . . . . . . . . . Ramming . | . . . . . . . . . Kinetic 1430 | . 212 212 364 . . 99 . 543 Thermal 3817 | . 48 64 790 836 475 1225 379 . Explosive 3134 | . . . 1746 . . . 1388 . Electromagnetic 355 | . 221 24 . . . 28 82 . Impact . | . . . . . . . . . Slashing . | . . . . . . . . . Piercing . | . . . . . . . . . Highest Corruption 3 | . 3 3 . 3 3 . . . Average Corruption 2 | . 2 3 . 2 3 . . . Corruption Purged . | . . . . . . . . . Corruption Blocked . | . . . . . . . . . Effects 49 | . 4 24 . 3 18 . . . Message Errors 16 | . 1 8 . . 7 . . . Matter Fused 12 | . 1 8 . 1 2 . . . Heat Flow Errors 5 | . 1 2 . . 2 . . . Energy Discharges 6 | . 1 4 . . 1 . . . Parts Rejected 1 | . . 1 . . . . . . Data Loss (minor) 5 | . . . . 2 3 . . . Data Loss (major) 2 | . . 1 . . 1 . . . Misfires 1 | . . . . . 1 . . . Weapon Failures 1 | . . . . . 1 . . . Overload Shots . | . . . . . . . . . Overflow Damage 223 | . 23 18 10 . . 41 131 . Projectiles 41 | . . . . . . 41 . . Explosions 182 | . 23 18 10 . . . 131 . Melee . | . . . . . . . . . Knockbacks . | . . . . . . . . . Impact . | . . . . . . . . . Kinetic . | . . . . . . . . . Secondary . | . . . . . . . . . Self-Inflicted Damage 234 | . 48 46 106 . . . 34 . Shots 7 | . 1 1 4 . . . 1 . Rammed . | . . . . . . . . . Targets Rammed . | . . . . . . . . . Kicked . | . . . . . . . . . Crushed . | . . . . . . . . . Highest Temperature 590 | . 165 220 436 196 590 415 398 74 Average Temperature 100 | . 41 88 92 88 144 123 99 15 Received Heat Transfer 1728 | . 69 12 300 189 204 369 369 216 Effects 19 | . . . 3 . 10 4 2 . Shutdowns 3 | . . . 1 . . 1 1 . Energy Bleed 1 | . . . . . 1 . . . Interference 6 | . . . 2 . 3 1 . . Matter Decay 1 | . . . . . . 1 . . Short Circuit 1 | . . . . . . . 1 . Damage (minor) 2 | . . . . . 1 1 . . Damage (major) 4 | . . . . . 4 . . . Damage (core) 1 | . . . . . 1 . . . Siege Activations . | . . . . . . . . . Robots Corrupted . | . . . . . . . . . Combat Hostiles . | . . . . . . . . . Parts Fried 3 | . 3 . . . . . . . Impact Corruptions . | . . . . . . . . . Robots Melted . | . . . . . . . . . Combat Hostiles . | . . . . . . . . . Parts Melted 9 | . . . 2 1 . 6 . . Heat Transferred 5099 | . 50 50 1000 1040 615 1813 531 . Parts Sabotaged . | . . . . . . . . . Parts Stolen . | . . . . . . . . . Parts Stripped . | . . . . . . . . . Power Chain Reactions 3 | . 1 1 . . . . 1 . Missiles Intercepted . | . . . . . . . . . Alert | -11 -10 -10 -9 -9 -9 -8 -8 -8 ------- Run | Scr Mat Min Mat Sto Gar Mat Gar Mat Peak Influence 968 | . 162 50 968 584 639 479 862 709 Initial 419 | . . . 1 408 364 311 63 419 Average 420 | . 37 14 352 498 576 239 696 523 Maximum Alert Level 3 | . . . 3 2 2 2 3 3 Low Security (%) 32 | 100 100 100 44 . . 48 1 . Level 1 11 | . . . 14 12 4 41 7 10 Level 2 35 | . . . 25 87 95 10 35 89 Level 3 19 | . . . 15 . . . 56 . Level 4 . | . . . . . . . . . Level 5 . | . . . . . . . . . High Security . | . . . . . . . . . Max Security . | . . . . . . . . . Squads Dispatched 12 | . . . 5 2 . 2 . 3 Investigation 1 | . . . 1 . . . . . Extermination . | . . . . . . . . . Reinforcement 6 | . . . 2 1 . 2 . 1 Assault 3 | . . . 2 . . . . 1 Garrison 2 | . . . . 1 . . . 1 Intercept . | . . . . . . . . . Searches Triggered . | . . . . . . . . . Construction Impeded 1 | . . . . . . 1 . . Haulers Reinforced . | . . . . . . . . . Active Scanning Responses . | . . . . . . . . . Cargo Convoy Interrupts . | . . . . . . . . . Stealth | -11 -10 -10 -9 -9 -9 -8 -8 -8 --------- Run | Scr Mat Min Mat Sto Gar Mat Gar Mat Distress Signals 7 | . . . 2 2 . 3 . . Communications Jammed 45 | . . . . . . . . 45 Distress Signals 45 | . . . . . . . . 45 Times Spotted 172 | . 14 4 50 15 9 25 23 32 Peak Tracking Total 8 | . 4 3 8 5 4 5 3 7 Tactical Retreats 2 | . . . . . . 1 . 1 Traps | -11 -10 -10 -9 -9 -9 -8 -8 -8 ------- Run | Scr Mat Min Mat Sto Gar Mat Gar Mat Traps Triggered 20 | . 2 . 1 4 5 . 7 1 Indirectly . | . . . . . . . . . Trap Hack Attempts 1 | . . . . . . . 1 . Triggered . | . . . . . . . . . Disarmed . | . . . . . . . . . Reprogrammed 1 | . . . . . . . 1 . Reused . | . . . . . . . . . Traps Extracted . | . . . . . . . . . Installed . | . . . . . . . . . Triggered . | . . . . . . . . . Machines | -11 -10 -10 -9 -9 -9 -8 -8 -8 ---------- Run | Scr Mat Min Mat Sto Gar Mat Gar Mat Machines Disabled 7 | . . . . . 1 2 4 . Max in Single Turn 1 | . . . . . 1 1 1 . Garrison Relay 5 | . . . . . 1 . 4 . Machines Sabotaged . | . . . . . . . . . Garrisons Compromised . | . . . . . . . . . Overloaded Fab Kills . | . . . . . . . . . Hacking | -11 -10 -10 -9 -9 -9 -8 -8 -8 --------- Run | Scr Mat Min Mat Sto Gar Mat Gar Mat Machines Accessed 16 | . 6 . 1 3 . 3 . 3 Terminals 14 | . 6 . 1 2 . 2 . 3 Fabricators . | . . . . . . . . . Repair Stations . | . . . . . . . . . Recycling Units . | . . . . . . . . . Scanalyzers . | . . . . . . . . . Garrison Access 2 | . . . . 1 . 1 . . Total Hacks 40 | . 18 . 5 4 . 7 . 6 Successful 23 | . 11 . 2 4 . 5 . 1 Failed 17 | . 7 . 3 . . 2 . 5 Catastrophic 2 | . . . 1 . . . . 1 Database Lockouts . | . . . . . . . . . Manual 36 | . 18 . 5 2 . 5 . 6 Terminals 36 | . 18 . 5 3 . 4 . 6 Fabricators . | . . . . . . . . . Repair Stations . | . . . . . . . . . Recycling Units . | . . . . . . . . . Scanalyzers . | . . . . . . . . . Garrison Access 4 | . . . . 1 . 3 . . Terminal Hacks 4 | . 1 . 1 1 . 1 . . Open Door 1 | . . . . 1 . . . . Branch Access Points 2 | . 1 . 1 . . . . . Emergency Access Points 1 | . . . . . . 1 . . Fabricator Hacks . | . . . . . . . . . Repair Station Hacks . | . . . . . . . . . Recycling Unit Hacks . | . . . . . . . . . Scanalyzer . | . . . . . . . . . Garrison Access Hacks 2 | . . . . 1 . 1 . . Unlock Access 2 | . . . . 1 . 1 . . Unauthorized Hacks 17 | . 10 . 1 2 . 3 . 1 Terminals 15 | . 10 . 1 2 . 1 . 1 Track 1 | . 1 . . . . . . . Assimilate 3 | . 3 . . . . . . . Botnet 9 | . 5 . 1 1 . 1 . 1 Operators 2 | . 1 . . 1 . . . . Fabricators . | . . . . . . . . . Repair Stations . | . . . . . . . . . Recycling Units . | . . . . . . . . . Scanalyzers . | . . . . . . . . . Garrison Access 2 | . . . . . . 2 . . Restock 1 | . . . . . . 1 . . Reprogram 1 | . . . . . . 1 . . Data Cores Recovered 1 | . . . . . . 1 . . Used 1 | . . . . . . 1 . . Hacking Detections 11 | . 5 . 1 1 . 1 . 3 Full Trace Events 2 | . 2 . . . . . . . Feedback Events . | . . . . . . . . . Feedback Blocked . | . . . . . . . . . Robot Schematics Acquired . | . . . . . . . . . Robots Built . | . . . . . . . . . Authchips . | . . . . . . . . . Time . | . . . . . . . . . Total Robot Build Rating . | . . . . . . . . . Part Schematics Acquired . | . . . . . . . . . Parts Built . | . . . . . . . . . Authchips . | . . . . . . . . . Time . | . . . . . . . . . Total Part Build Rating . | . . . . . . . . . Parts Repaired . | . . . . . . . . . Time . | . . . . . . . . . Parts Recycled . | . . . . . . . . . Recycled Matter . | . . . . . . . . . Retrieved Matter . | . . . . . . . . . Retrieved Components . | . . . . . . . . . Parts Scanalyzed . | . . . . . . . . . Part Schematics Acquired . | . . . . . . . . . Parts Damaged . | . . . . . . . . . Bothacking | -11 -10 -10 -9 -9 -9 -8 -8 -8 ------------ Run | Scr Mat Min Mat Sto Gar Mat Gar Mat Used RIF Installer 2 | . . . . . 1 . 1 . Signal Jammer 1 | . . . . . . . 1 . Robots Hacked 15 | . . . . . . 9 4 2 Non-combat 4 | . . . . . . 4 . . Combat 11 | . . . . . . 5 4 2 Robot Hacks Applied 15 | . . . . . . 9 4 2 spike_heat 1 | . . . . . . 1 . . formatsys_low 4 | . . . . . . 4 . . formatsys_high 10 | . . . . . . 4 4 2 Relay Couplers Released 22 | . . . . . 5 . 17 . Machine Destruction 22 | . . . . . 5 . 17 . Attached 10 | . . . . . . 4 4 2 Fabnet Peak Effective % . | . . . . . . . . . Robots Rewired . | . . . . . . . . . Allies Hacked . | . . . . . . . . . Hacks Repelled . | . . . . . . . . . Allies | -11 -10 -10 -9 -9 -9 -8 -8 -8 -------- Run | Scr Mat Min Mat Sto Gar Mat Gar Mat Total Allies 15 | . 1 . . . . 8 4 2 Largest Group 12 | . 1 1 1 . . 8 10 12 Highest-Rated Group 175 | . 10 10 10 . . 109 140 175 Highest-Rated Ally 21 | . 10 10 10 . . 16 16 21 Total Orders 51 | . 2 2 . . . 7 31 9 STAY 23 | . 1 1 . . . 5 11 5 FOLLOW 16 | . 1 1 . . . 1 11 2 AID 8 | . . . . . . 1 5 2 DROP 3 | . . . . . . . 3 . PICKUP 1 | . . . . . . . 1 . Ally Attacks 127 | . . . . . . 4 45 78 Total Damage 1862 | . . . . . . 61 570 1231 Kills 23 | . . . . . . . 10 13 Allies Corrupted . | . . . . . . . . . Allies Melted . | . . . . . . . . . Intel | -11 -10 -10 -9 -9 -9 -8 -8 -8 ------- Run | Scr Mat Min Mat Sto Gar Mat Gar Mat Robot Analysis Total . | . . . . . . . . . Derelict Logs Recovered 1 | . . 1 . . . . . . Drone Launches . | . . . . . . . . . Drone Recoveries . | . . . . . . . . . Exploration | -11 -10 -10 -9 -9 -9 -8 -8 -8 ------------- Run | Scr Mat Min Mat Sto Gar Mat Gar Mat Turns Passed 15265 | 64 2011 1181 1505 693 1007 2149 5000 1655 Spaces Moved 5218 | 36 712 443 458 197 356 851 1610 555 Core 79 | 1 . . . . . 2 76 . Treads 3555 | 35 712 443 458 197 356 79 720 555 Legs 281 | . . . . . . 3 278 . Wheels 1303 | . . . . . . 767 536 . Hover . | . . . . . . . . . Flight . | . . . . . . . . . Fastest Speed 50 | 50 160 240 240 240 240 105 120 240 Average Speed 227 | 156 220 240 240 240 241 137 262 240 Slowest Speed 1000 | 160 240 240 320 320 320 850 1000 240 Overloaded Moves . | . . . . . . . . . Propulsion Burnouts . | . . . . . . . . . Robots Hopped . | . . . . . . . . . Cave-ins Triggered . | . . . . . . . . . Exploration Rate (%) 43 | 4 75 65 39 47 28 35 64 31 Regions Visited 8 Branch Regions 2 Pre-discovered Areas . | . . . . . . . . . Known Exits Taken 4 | . 1 . 1 1 . 1 . . Unknown Exits Taken 2 | 1 . 1 . . . . . . Scrap Searched 1 | . . 1 . . . . . . Spaces Dug . | . . . . . . . . . Terrain Destroyed 173 | . 5 9 136 . . 11 12 . Melee . | . . . . . . . . . Projectile 11 | . . . . . . 11 . . AOE 162 | . 5 9 136 . . . 12 . Terrain Rammed . | . . . . . . . . . Walls Destroyed . | . . . . . . . . . Machines Disabled . | . . . . . . . . . Actions | -11 -10 -10 -9 -9 -9 -8 -8 -8 --------- Run | Scr Mat Min Mat Sto Gar Mat Gar Mat Total 8177 | 41 1112 534 755 361 460 1737 2337 840 Wait 2341 | . 359 70 191 114 49 770 554 234 Move 5208 | 35 711 442 457 196 354 850 1608 555 Hop . | . . . . . . . . . Pick Up 80 | . 18 2 4 5 9 5 36 1 Fast Attach 45 | 6 2 1 7 5 2 11 6 5 Attach 26 | . . 1 3 2 6 6 7 1 Detach 6 | . . . 1 1 . 2 2 . Swap 47 | . 1 1 14 1 1 15 7 7 Drop 79 | . 1 . 15 7 4 11 36 5 Fire 257 | . 20 17 63 30 25 43 31 28 Melee 31 | . . . . . . 17 12 2 Ram . | . . . . . . . . . Kick . | . . . . . . . . . Crush . | . . . . . . . . . Escape Stasis 44 | . . . . . 10 . 34 . Rewire 12 | . . . . . . 7 3 2 Trap 1 | . . . . . . . 1 . Miscellaneous . | . . . . . . . . . Route ------- -11/Scrapyard -10/Materials (discovered 3 exits: *Mat x2 / *Min) -10/Mines -9/Materials (discovered 5 exits: *Mat x2 / Min x2 / *Sto) -9/Storage -9/Garrison -8/Materials (discovered 2 exits: [*Fac] / Gar) -8/Garrison (discovered 2 exits: *Mat x2) -8/Materials History --------- Turn | Location | Event 7 | -11/Scrapyard | Discovered new exit (range 15) 65 | -11/Scrapyard | Entered Materials 300 | -10/Materials | Build established: Mutant 353 | -10/Materials | Discovered new exit (range 6) 955 | -10/Materials | Discovered new exit (range 8) 1752 | -10/Materials | Identified exit to Mines 2076 | -10/Materials | Entered Mines 2076 | -10/Mines | Accompanied by 1 ally 2146 | -10/Mines | YI-UF0 nonchalantly dropped a Grenade Launcher on the ground 2240 | -10/Mines | Destroyed YI-UF0 2296 | -10/Mines | Learned 2 Materials zone layouts 2577 | -10/Mines | Discovered new exit (range 14) 2597 | -10/Mines | Core integrity fell below 50% 3257 | -10/Mines | Entered Materials 3257 | -9/Materials | Accompanied by 1 ally 3257 | -9/Materials | Evolved 2 slots: Utility x2 3258 | -9/Materials | Identified exit to Materials 3628 | -9/Materials | Build established: Scavenger-Mutant 4320 | -9/Materials | Discovered exit to Materials (range 6) 4440 | -9/Materials | Identified exit to Mines 4440 | -9/Materials | Identified exit to Storage 4457 | -9/Materials | First assault squad dispatched 4551 | -9/Materials | Build established: Mutant 4559 | -9/Materials | Destroyed 9 combat bots 4762 | -9/Materials | Entered Storage 5321 | -9/Storage | Garrison activated, responded to threat 5452 | -9/Storage | Identified exit to Garrison 5455 | -9/Storage | Entered Garrison 5516 | -9/Garrison | Triggered checkpoint 5522 | -9/Garrison | Core integrity fell below 50% 5570 | -9/Garrison | Lost 4 parts (2n2w) 5594 | -9/Garrison | Destroyed 7 combat bots 5711 | -9/Garrison | Discovered exit to Materials (range 14) 5761 | -9/Garrison | Installed Relay Interface Framework 5930 | -9/Garrison | Triggered checkpoint 6018 | -9/Garrison | Triggered checkpoint 6291 | -9/Garrison | Garrison Relay disabled 6462 | -9/Garrison | Entered Materials 6462 | -8/Materials | Evolved 2 slots: Utility x2 6587 | -8/Materials | Build established: Bothacker-Mutant 6969 | -8/Materials | Lost 3 parts (1p1n1u) 8023 | -8/Materials | Build established: Commander-Mutant 8142 | -8/Materials | Identified exit to Garrison 8359 | -8/Materials | Discovered new exit (range 9) 8611 | -8/Materials | Entered Garrison 8611 | -8/Garrison | Accompanied by 8 allies 8619 | -8/Garrison | Expanded RIF knowledge: Signal Jamming 8650 | -8/Garrison | Triggered checkpoint 8672 | -8/Garrison | Garrison Relay disabled 8983 | -8/Garrison | Triggered checkpoint 9008 | -8/Garrison | Triggered checkpoint 9032 | -8/Garrison | Triggered checkpoint 9046 | -8/Garrison | Triggered checkpoint 9073 | -8/Garrison | Destroyed 7 combat bots 9117 | -8/Garrison | Build established: Bothacker-Mutant 9174 | -8/Garrison | Triggered checkpoint 9179 | -8/Garrison | Core integrity fell below 50% 9196 | -8/Garrison | Garrison Relay disabled 9248 | -8/Garrison | Discovered new exit (range 14) 9582 | -8/Garrison | Spotted B-75 Beast 9582 | -8/Garrison | Spotted B-75 Beast 9602 | -8/Garrison | Triggered checkpoint 9653 | -8/Garrison | Lost 5 parts (1n1u3w) 9899 | -8/Garrison | Build established: Commander-Mutant 10709 | -8/Garrison | Core integrity fell below 20% 10797 | -8/Garrison | Garrison Relay disabled 11097 | -8/Garrison | Build established: Bothacker-Mutant 11222 | -8/Garrison | Triggered checkpoint 11619 | -8/Garrison | Garrison Relay disabled 12266 | -8/Garrison | Discovered new exit (range 14) 12686 | -8/Garrison | Build established: Commander-Mutant 13603 | -8/Garrison | Build established: Bothacker-Mutant 13611 | -8/Garrison | Entered Materials 13611 | -8/Materials | Accompanied by 10 allies 15211 | -8/Materials | First assault squad dispatched 15255 | -8/Materials | Garrison activated, responded to threat 15266 | -8/Materials | Destroyed by D-53 Grenadier with Mini Grenade Launcher Last Messages --------------- 15255_ ALERT: Activating Garrison Access M001. 15256_ I-25 Savior distress signal jammed. 15256_ Transporter 3b destroyed. 15257_ Transporter 3a destroyed. 15257_ Defender 3a destroyed. 15257_ I-25 Savior distress signal jammed. 15258_ D-53 Grenadier suffers critical hit (Burn). 15258_ Defender 3b destroyed. 15258_ Lgt. Treads destroyed. 15259_ I-25 Savior distress signal jammed. 15260_ K-01 Serf cleans the Material Processor. 15260_ I-25 Savior distress signal jammed. 15261_ U-05 Engineer lays Concrete. 15262_ Lgt. Nuclear Core destroyed. 15262_ I-25 Savior distress signal jammed. 15264_ L-31 Rogue destroyed. 15264_ I-25 Savior distress signal jammed. 15264_ U-05 Engineer lays Concrete. 15265_ I-25 Savior distress signal jammed. 15265_ U-05 Engineer lays Concrete. Map ----- +----------------------------------------------------+ | ###+#####???## # # """#?????????????????? | | ! #????# ?### ## #?????????????????? | | """ #????# [[ ???# #?? """#?????????????????? | | """ !#????# [ ????# #?? """#?????????????????? | | """ ############## #??? """#?????????????????? | | # ## #??? #?????????????????? | | " """! #"S """ ## #????####?????????????????? | | T """ #""" """ ## #?????????????????????????? | | " """ # "" """ =## #?????????????????????????? | | # ##%#?????????????????????????? | | ##############+####### #####?????????????????????? | | ???????????# #???# #?????????????????????? | | ???????????# ##### #?????????????????????? | | ???????????# [ % #?????????????????????? | | ???????????# ##### #?????????????????????? | | ???????????# #???#u [ #?????????????????????? | | ???????????###+###???## ##?????????????????????? | | ???????????? ?????# % #########??????????????? | | ???????????# #???#% # #??????????????? | | #######????# #??## #??????????????? | | #????# """ #?## #??????????????? | | ! #????# """ #?# = ######?????????????? | | "" #????# """ #?## = [[ d #?????????????? | | "T ############### ! [gg ## "?????????? | | "" # + [dg uu r%+ ""?????????? | | % # ###### @% i u a## ""?????????? | | ##+#### % #????## #?????????????? | | # #??? # ##?????????????? | | % # ## ##? #??????????????? | | # ## """ """ #??? #??????????????? | | ### # ## """ """ #????#??????????????? | | ! # # ## """ """ #???????????????????? | | # # ## #???????????????????? | | / ###+#############+#######??????????????????? | | # ???????????????? | | # ???????????????? | | ?# ???????????????? | | ####+##### #################????????????????? | | # # #????????????????????????????????? | | # """" !# #????????????????????????????????? | | # """"" # #????????????????????????????????? | | + """ # #????????????????????????????????? | | # # +???????????????????????????????? | | # "" "" ]# # ??????????????????????????????? | | # """"" # #? ?????????????????????????????? | | # """"" # #???????????????????????????????? | | # # +???????????????????????????????? | | ########## ######???????????????????????????????? | | # #????????????????????????????????????? | | """ """?# ?????????????????????????????????????? | +----------------------------------------------------+ Best States ------------- Heat Dissipation 31 Coolant Potential 50 Energy Generation 14 Energy Capacity 275 Matter Stores 300 Matter Capacity 300 Sight Range 16 Robot Scan Range 15 Terrain Scan Density 10 Armor Coverage 300 Resistance: KI 20 Power Shielding 66 Evasion (%) 40 Targeting Accuracy 12 Recoil Reduction 2 Relay Coupler Types 4 Relay Coupler Value 68 Item Schematics ----------------- None Robot Schematics ------------------ None Fabricated ------------ Nothing Alien Tech Used ----------------- None Achievements -------------- None Challenges ------------ None Game ------ Seed OpticalPropulsionNanovents Manual? 0 Play Time 01:00:51 Cumulative 324.6 hours Start 2022.06.11 @ 22:52:05 End 2022.06.12 @ 09:33:20 Sessions 3 Manual Loads 0 Difficulty Rogue Special Mode None Game No. 570 Rogue 415 Adventurer 148 Explorer 7 Win Type - Total 11 Types 9/0/1/1/0/0/0/0/0 Lore% 74 Gallery% 87 Achievement% 67 Wizard Run 0 Options --------- ASCII 0 Keyboard 0 Movement Numpad Keybinds 0 Fullscreen 1 Font 18/SmallcapsGlow Map View 76x50 Tactical HUD 1 Map Filters NONE Filters NONE Steam 1 RUN: e5bc50b8-85e2-4b3b-85bc-e22bafbd1fa7